 Dungeon Crawl Stone Soup version 0.31-a0-196-g86fe4a5e66 (webtiles) character file.

Game seed: 14578765763435241207

13080 innerfire43 the Bludgeoner (level 11, -3/70 HPs)
             Began as a Demonspawn Monk on June 24, 2023.
             Was a High Priest of Hepliaklqana.
             Slain by an efreet
             ... wielding a +4 scimitar of flaming
              (6 damage)
             ... on level 10 of the Dungeon.
             The game lasted 00:15:50 (6836 turns).

innerfire43 the Bludgeoner (Demonspawn Monk)        Turns: 6836, Time: 00:15:51

Health: -3/70      AC: 10    Str: 21    XL:     11   Next: 70%
Magic:  11/11      EV: 21    Int:  9    God:    Hepliaklqana [*****.]
Gold:   538        SH:  0    Dex: 17    Spells: 10/10 levels left

rFire   . . .        q - +6 hammer of Truncation {heavy, rPois}
rCold   . . .        d - orb {light}
rNeg    . . .        H - +0 troll leather armour
rPois   +            (no helmet)
rElec   .            s - +1 cloak
rCorr   .            a - +2 pair of gloves
SInv    .            p - +0 pair of boots
Will    .....        h - amulet of regeneration
Stlth   +            m - +5 ring of evasion
HPRegen 1.91/turn    y - +6 ring of strength
MPRegen 0.12/turn

%: no passive effects
@: slowed, glowing, very slow
A: reduced essence, claws 1, repulsion field 2, powered by death 2, demonic
magic 1, dopey 1
a: Renounce Religion, Recall Ancestor, Ancestor Identity, Transference, Idealise


You were on level 10 of the Dungeon.
You worshipped Hepliaklqana.
Hepliaklqana was extremely pleased with you.
You visited 1 branch of the dungeon, and saw 11 of its levels.

You collected 538 gold pieces.

Inventory:

Hand Weapons
 o - a +2 hand axe of electrocution
 q - the +6 hammer of Truncation (weapon) {heavy, rPois}
   (You found it on level 2 of the Dungeon)

   rPois:     It protects you from poison.
 t - a +2 falchion of draining
 v - a +3 morningstar of electrocution
 F - a +3 flail of protection
 G - a +4 mace
 I - a +3 heavy hand axe
Armour
 a - a +2 pair of gloves (worn)
 d - an orb of light (worn)
 p - a +0 pair of boots (worn)
 s - a +1 cloak (worn)
 u - a +0 tower shield
 H - a +0 troll leather armour (worn)
Jewellery
 h - an amulet of regeneration (around neck)
 m - a +5 ring of evasion (left hand)
 w - an amulet of guardian spirit
 x - a ring of willpower
 y - a +6 ring of strength (right hand)
 D - a ring of see invisible
 E - a +5 ring of evasion
Wands
 e - a wand of polymorph (4)
 A - a wand of paralysis (5)
 Q - a wand of iceblast (5)
Scrolls
 f - 6 scrolls of revelation
 i - 4 scrolls of enchant armour
 j - 5 scrolls of enchant weapon
 k - 4 scrolls of teleportation
 l - 2 scrolls of blinking
 n - 3 scrolls of vulnerability
 r - a scroll of poison {unknown}
 O - a scroll of fog
Potions
 b - a potion of cancellation
 c - 3 potions of ambrosia
 g - 3 potions of curing
 z - 2 potions of might
 B - 2 potions of brilliance
 C - 2 potions of heal wounds
 J - 3 potions of mutation
 K - 2 potions of lignification
 L - a potion of degeneration


   Skills:
 - Level 4.3 Fighting
 - Level 4.8(11.5) Axes
 * Level 16.0(16.3) Maces & Flails
 - Level 4.0 Dodging


You had 10 spell levels left.
You didn't know any spells.
Your spell library contained the following spells:

 Spells                   Type           Power      Damage    Failure   Level
 Sting                    Tmut/Pois      0%         1d3       43%         1
 Cigotuvi's Dreadful Rot  Necr/Pois/Air  0%         N/A       56%         2
 Poisonous Vapours        Pois/Air       0%         N/A       56%         2
 Sublimation of Blood     Necr           0%         N/A       56%         2
 Dispel Undead            Necr           0%         3d6       99%         4
 Olgreb's Toxic Radiance  Pois           0%         N/A       99%         4
 Petrify                  Tmut/Erth      0%         N/A       99%         4
 Summon Ice Beast         Ice/Summ       0%         N/A       99%         4
 Summon Lightning Spire   Summ/Air       0%         N/A       99%         4
 Irradiate                Conj/Tmut      0%         3d11      100%        5
 Death Channel            Necr           0%         N/A       100%        6
 Malign Gateway           Summ/Tloc      0%         N/A       100%        7


Dungeon Overview and Level Annotations

Branches:
Dungeon (11/15)            Temple (0/1) D:7            Lair (0/5) D:8
    Orc: D:9-12

Altars:
Fedhas
Hepliaklqana
Nemelex Xobeh
Ru
Uskayaw
Vehumet
Wu Jian

Shops:
D:1 !   D:3 (


Innate Abilities, Weirdness & Mutations

Your life essence is reduced to manifest your ancestor. (-10% HP)
You have sharp fingernails.
You are surrounded by a moderate repulsion field. (EV +3)
You regenerate health from kills.
Spells you cast may paralyse adjacent enemies.
You are dopey. (Int -2)


Message History

You bludgeon the wraith!!
The wraith is almost destroyed.
The hornet barely misses you. The ogre mage casts a spell at you.
The bolt of magma misses you.
The bolt of magma hits Vusi!!
Vusi partially resists.
The wraith completely misses you.
The wraith hits Vusi.
Vusi misses the wraith.
You sock the wraith!
You destroy the wraith!
The unseen horror completely misses you.
Vusi hits the wraith with a +0 dagger of draining!
The hornet closely misses you.
The ogre mage casts a spell.
The ogre mage flickers and vanishes for a moment.
The wraith hits Vusi.
Vusi hits the wraith but does no damage.
You hit the efreet but do no damage.
The unseen horror is engulfed in blazing flames.
Vusi hits the wraith with a +0 dagger of draining.
The hornet completely misses you.
The hornet misses itself.
The efreet completely misses you.
The wraith hits Vusi!
Vusi is destroyed!
Unknown command.
You barely miss the ogre mage. The ogre mage closely misses you.
The efreet hits you with a +4 scimitar of flaming!!
The efreet burns you!
You are too injured to fight recklessly!
Unknown command.
You are too injured to fight recklessly!
Unknown command.
You bludgeon the wraith!!
The wraith is almost destroyed.
The unseen horror is engulfed in blazing flames.
The hornet closely misses you. The wraith hits you!
* * * LOW HITPOINT WARNING * * *
The wraith drains your vigour!
You feel yourself slow down.
The efreet hits you with a +4 scimitar of flaming!
* * * LOW HITPOINT WARNING * * *
The efreet burns you.
You die...

..#.#.)###..#.#.....###...##....#
..#.#.......#..#...#..#...#....##
#.#.##.....##.#.###.#.##..#...##
#.#..##..#####..#....####....##
..#####.#########.##### ###.##
..# #.....).#[!. .# )# #.#
.?##...####.#)Bx .# [?# ..#
#..###....#.○R#O#~..#
#.##...[..####@..#
...#..........yW#...... ..#
##......####...##### .. ###....#
~#.#...# ####.# ). .# .)# ..#$!.
.# $# ###### .# # .. ..


You could see a boulder beetle, an ogre mage (invisible), an efreet, an unseen
horror (invisible), a hornet (confused, slow) and a wraith.

Vanquished Creatures
  3 two-headed ogres
  A centaur warrior (D:10)
  A deep elf pyromancer (D:10)
  2 orc sorcerers (D:10)
  A gargoyle (D:10)
  2 unseen horrors
  A troll (D:10)
  Sigmund (D:2)
  A shadow (D:10)
  2 slime creatures (D:6)
  3 wraiths
  4 yaks
  3 vampire mosquitoes (D:10)
  Edmund (D:6)
  3 wargs (D:8)
  A water moccasin (D:8)
  An ice beast (D:7)
  3 black bears
  2 orc warriors
  A sky beast (D:8)
  An ogre (D:6)
  2 wolves
  2 centaurs
  2 phantoms
  3 bullfrogs
  4 kobold brigands
  2 gnoll sergeants (D:10)
  A scorpion (D:6)
  8 wights (D:7)
  9 killer bees
  2 electric eels (D:7)
  2 hounds
  7 jellies (D:6)
  3 gnoll boudas
  5 orc priests
  Crazy Yiuf (D:2)
  Jessica (D:2)
  2 iguanas (D:6)
  15 orc wizards
  18 gnolls
  A hexer (D:5)
  7 adders
  A shadow imp (D:7)
  A white imp (D:7)
  An ufetubus (D:5)
  3 worms (D:2)
  A dart slug (D:4)
  35 orcs
  3 ball pythons
  4 bats
  5 endoplasms
  3 giant cockroaches
  6 goblins
  3 hobgoblins
  6 jackals
  15 kobolds
  2 quokkas
  3 frilled lizards
  5 rats
232 creatures vanquished.

Vanquished Creatures (collateral kills)
  Maggie (D:9)
  2 trolls
  A vampire (D:9)
  A yak (D:8)
  Grum (D:10)
  An acid dragon (D:10)
  A black bear (D:5)
  A wolf (D:10)
  A bullfrog (D:8)
  A gnoll sergeant (D:8)
  A killer bee (D:8)
  A howler monkey (D:8)
  A jelly (D:4)
  An iguana (D:5)
  4 orc wizards
  A gnoll (D:10)
  An ufetubus (D:4)
  11 orcs
  A giant cockroach (D:4)
33 creatures vanquished.

Vanquished Creatures (others)
  4 hexers
  An orc (D:10)
  A kobold (D:7)
6 creatures vanquished.

Grand Total: 271 creatures vanquished

Notes
Turn   | Place    | Note
-------+----------+-------------------------------------------
     0 | D:1      | innerfire43 the Demonspawn Monk began the quest for the
                  | Orb.
     0 | D:1      | Reached XP level 1. HP: 18/18 MP: 1/1
    98 | D:1      | Gained mutation: You regenerate a little health from kills.
                  | [demonic ancestry]
    98 | D:1      | Reached XP level 2. HP: 20/24 MP: 2/2
   397 | D:1      | Found Deggeomn's Distillery.
   545 | D:2      | Found a runed translucent door.
   546 | D:2      | Noticed Crazy Yiuf
   659 | D:2      | Reached XP level 3. HP: 28/29 MP: 3/3
   771 | D:2      | Noticed Jessica
   777 | D:2      | Killed Jessica
   798 | D:2      | Gained mutation: You are surrounded by a mild repulsion
                  | field. (EV +2) [demonic ancestry]
   798 | D:2      | Reached XP level 4. HP: 35/35 MP: 4/4
  1000 | D:2      | Noticed Sigmund
  1018 | D:2      | Killed Sigmund
  1019 | D:2      | Gained mutation: You regenerate health from kills. [demonic
                  | ancestry]
  1019 | D:2      | Reached XP level 5. HP: 41/42 MP: 5/5
  1378 | D:2      | Gained mutation: You are surrounded by a moderate repulsion
                  | field. (EV +3) [demonic ancestry]
  1378 | D:2      | Reached XP level 6. HP: 48/48 MP: 6/6
  1547 | D:2      | Killed Crazy Yiuf
  1550 | D:2      | Identified the +6 hammer of Truncation {heavy, rPois}
  1735 | D:3      | Found a hazy altar of Hepliaklqana.
  1738 | D:3      | Found a hide-covered altar of Uskayaw.
  1742 | D:3      | Found a radiant altar of Vehumet.
  1777 | D:3      | Became a worshipper of Hepliaklqana the Forgotten
  1777 | D:3      | Reached * piety under Hepliaklqana
  1777 | D:3      | Reached ** piety under Hepliaklqana
  1778 | D:3      | Remembered your ancestor Vusi as a hexer
  1829 | D:3      | Found Amocumn's Antique Weapon Emporium.
  2314 | D:4      | Reached skill level 1 in Maces & Flails
  2316 | D:4      | Reached skill level 2 in Maces & Flails
  2318 | D:4      | Reached skill level 3 in Maces & Flails
  2318 | D:4      | Reached XP level 7. HP: 49/49 MP: 7/7
  2527 | D:4      | Reached skill level 4 in Maces & Flails
  2661 | D:4      | Found an ornate altar of the Wu Jian Council.
  2734 | D:5      | Entered Level 5 of the Dungeon
  2765 | D:5      | Reached *** piety under Hepliaklqana
  2831 | D:5      | Paralysed by an orc for 4 turns
  2903 | D:5      | Reached skill level 5 in Maces & Flails
  3488 | D:5      | Reached XP level 8. HP: 54/54 MP: 8/8
  3505 | D:6      | Reached skill level 6 in Maces & Flails
  3635 | D:6      | Reached skill level 7 in Maces & Flails
  3710 | D:6      | Noticed a slime creature
  3719 | D:6      | Killed a slime creature
  3720 | D:6      | Reached skill level 8 in Maces & Flails
  3721 | D:6      | Noticed a slime creature
  3730 | D:6      | Killed a slime creature
  3747 | D:6      | Reached skill level 9 in Maces & Flails
  3747 | D:6      | Reached XP level 9. HP: 43/59 MP: 9/9
  3835 | D:6      | Reached **** piety under Hepliaklqana
  3905 | D:6      | Noticed Edmund
  3913 | D:6      | Killed Edmund
  4209 | D:7      | Reached skill level 10 in Maces & Flails
  4312 | D:7      | Found a staircase to the Ecumenical Temple.
  4419 | D:7      | Identified the +0 mace "Afylu" {holy, rF+}
  4679 | D:7      | Reached skill level 11 in Maces & Flails
  4832 | D:7      | Found a sacrificial altar of Ru.
  4835 | D:7      | Found a blossoming altar of Fedhas.
  5039 | D:7      | Reached ***** piety under Hepliaklqana
  5121 | D:8      | Found a staircase to the Lair.
  5131 | D:8      | Gained mutation: Spells you cast may paralyse adjacent
                  | enemies. [demonic ancestry]
  5131 | D:8      | Reached XP level 10. HP: 51/65 MP: 10/10
  5175 | D:8      | Found a sparkling altar of Nemelex Xobeh.
  5182 | D:8      | Reached skill level 12 in Maces & Flails
  5268 | D:8      | Noticed a two-headed ogre
  5274 | D:8      | Killed a two-headed ogre
  5332 | D:8      | Reached skill level 13 in Maces & Flails
  5881 | D:9      | Noticed a two-headed ogre
  5884 | D:9      | Noticed Maggie
  5888 | D:9      | Killed a two-headed ogre
  5894 | D:9      | Killed Maggie
  5895 | D:9      | Reached skill level 14 in Maces & Flails
  6317 | D:10     | Entered Level 10 of the Dungeon
  6344 | D:10     | Got the Verses on Assembling
  6362 | D:10     | Gained mutation: You have sharp fingernails. [demonic
                  | ancestry]
  6362 | D:10     | Reached XP level 11. HP: 70/70 MP: 11/11
  6387 | D:10     | Noticed an orc sorcerer
  6389 | D:10     | Noticed a deep elf zephyrmancer
  6390 | D:10     | Noticed an orc sorcerer
  6395 | D:10     | Killed an orc sorcerer
  6396 | D:10     | Paralysed by an orc sorcerer for 2 turns
  6413 | D:10     | Noticed Grum
  6449 | D:10     | Gained mutation: You are dopey. (Int -2) [a neqoxec]
  6480 | D:10     | Killed Grum
  6482 | D:10     | Killed an orc sorcerer
  6546 | D:10     | Noticed a deep elf pyromancer
  6563 | D:10     | Killed a deep elf pyromancer
  6564 | D:10     | Reached skill level 15 in Maces & Flails
  6681 | D:10     | Noticed a two-headed ogre
  6682 | D:10     | Noticed an ogre mage
  6740 | D:10     | Killed a two-headed ogre
  6761 | D:10     | Noticed a centaur warrior
  6769 | D:10     | Killed a centaur warrior
  6806 | D:10     | Reached skill level 16 in Maces & Flails
  6817 | D:10     | Noticed a boulder beetle
  6836 | D:10     | HP: 3/70 [efreet/+4 scimitar of flaming (14)]
  6836 | D:10     | Slain by an efreet

Illustrated notes

Levels and vault maps discovered:
D:1:      saegor_arrival_simple_d, layout_rooms, serial_shops,
          nicolae_shop_tiny_real_fake_doors
D:2:      layout_loops_corners, st_stairs_11, uniq_crazy_yiuf_cottage,
          uniq_jessica, uniq_sigmund
D:3:      layout_loops_ring, grunt_temple_overflow_diamond, serial_shops, shop,
          st_stairs_7
D:4:      layout_cave_pools, kennysheep_mini_moat
D:5:      layout_cave_pods, amcnicky_mini_pool_small, serial_bayou_pond_d
D:6:      cheibrodos_fertilizer, layout_basic, uniq_edmund
D:7:      layout_loops_ring, nicolae_overflow_squiral,
          minmay_temple_entry_glassed_door
D:8:      layout_gridville, nemelex_xobeh_ov_fountains_minmay,
          erik_lair_orcish_takeover, minmay_circle_x
D:9:      layout_big_octagon, uniq_maggie
D:10:     minmay_the_grid_4x2 [minmay_the_grid_aliased_spiral,
          minmay_the_grid_spin_star, minmay_the_grid_tri_star,
          minmay_the_grid_large_cup, minmay_the_grid_mess,
          minmay_the_grid_minigrid_small_alt, minmay_the_grid_diamond_grid,
          minmay_the_grid_prize_four_corners], layout_gridville,
          ploomutoo_gammafunk_ghost_potion_laboratory, minmay_misc_feat_chi,
          uniq_grum
D:11:     layout_loops_ring, minmay_misc_feat_alley

Skill      XL: |  1  2  3  4  5  6  7  8  9 10 11 |
---------------+----------------------------------+-----
Axes           | 3 4 |  4.8
Dodging        | 3 4 |  4.0
Fighting       | 4 |  4.3
Maces & Flails | 3 5 9 11 14 16 | 16.0

Action                     |  1- 3 |  4- 6 |  7- 9 | 10-12 || total
---------------------------+-------+-------+-------+-------++-------
  Melee: Hand axe          |    85 |    59 |       |       ||   144
         Mace              |       |    17 |   241 |   224 ||   482
 Invoke: Ancestor Life: He |       |     1 |       |       ||     1
         Recall Ancestor   |       |       |     1 |       ||     1
  Evoke: Wand              |       |       |       |     2 ||     2
    Use: Scroll            |     4 |     2 |     4 |     8 ||    18
         Potion            |       |     1 |     1 |     1 ||     3
   Stab: Confused          |       |     1 |     4 |     3 ||     8
         Distracted        |       |       |     1 |     5 ||     6
 Armour: Robe              |    13 |     6 |    37 |     7 ||    63
         Steam dragon scal |       |       |       |    12 ||    12
         Troll leather arm |       |       |       |    15 ||    15
  Dodge: Dodged            |    44 |    66 |   276 |   302 ||   688

Table legend: (Time is in decaauts)
 A = Elapsed time spent in this place.
 B = Non-inter-level travel time spent in this place.
 C = Inter-level travel time spent in this place.
 D = Time resting spent in this place.
 E = Time spent auto-exploring this place.
 F = Levels seen in this place.
 G = Mean time per level.
                   A        B        C        D        E       F      G
               +--------+--------+--------+--------+--------+-----+--------+
         Total |   7001 |   6707 |    294 |      0 |   4856 |  11 |  636.5 |
       Dungeon |   7001 |   6707 |    294 |      0 |   4856 |  11 |  636.5 |
               +--------+--------+--------+--------+--------+-----+--------+

Top non-repeatable levels by time:
     D:2: 1114 daAuts
     D:7: 913 daAuts
     D:5: 786 daAuts
     D:6: 743 daAuts
     D:3: 707 daAuts
     D:8: 678 daAuts
     D:9: 584 daAuts
    D:10: 515 daAuts
     D:1: 514 daAuts
     D:4: 441 daAuts
    D:11: 1 daAuts
